 Dungeon Crawl Stone Soup version 0.27-a0-965-gbf8bb431c4 (webtiles) character file.

Game seed: 2953437405155459550

130 lonewolf22212 the Conjurer (level 4, 0/35 HPs)
             Began as a Draconian Conjurer on Jan 15, 2021.
             Slain by a goblin
             ... wielding a +0 club
              (2 damage)
             ... on level 3 of the Dungeon on Apr 12, 2021.
             The game lasted 00:13:25 (2810 turns).

lonewolf22212 the Conjurer (Draconian Conjurer)     Turns: 2810, Time: 00:13:26

Health: 0/35       AC:  5    Str: 10    XL:     4   Next: 90%
Magic:  5/7        EV: 12    Int: 18    God:
Gold:   152        SH:  0    Dex: 10    Spells: 4/7 levels left

rFire    . . .     SeeInvis .     - Unarmed
rCold    . . .     Faith    .   (no shield)
rNeg     . . .     Spirit   .   (armour unavailable)
rPois    .         Reflect  .   (helmet restricted)
rElec    .         Harm     .   (no cloak)
rCorr    .         Rampage  .   (no gloves)
Will     .....                  (no boots)
Stlth    ++........             f - amulet of regeneration
HPRegen  1.11/turn              (no ring)
MPRegen  0.10/turn              (no ring)

@: flying
A: AC +5, unfitting armour, cold-blooded
a: no special abilities


You were on level 3 of the Dungeon.
You visited 1 branch of the dungeon, and saw 3 of its levels.

You collected 152 gold pieces.

Inventory:

Hand Weapons
 b - a +0 short sword
Missiles
 e - 13 poisoned darts
Jewellery
 f - an amulet of regeneration (around neck)
Scrolls
 a - 2 scrolls of removedness
 h - a scroll of enchant weapon
Potions
 d - a potion of flight


   Skills:
 + Level 1.1 Fighting
 + Level 3.1 Dodging
 + Level 2.3 Stealth
 + Level 2.3 Unarmed Combat
 + Level 2.2 Spellcasting
 + Level 4.1 Conjurations


You had 4 spell levels left.
You knew the following spells:

 Your Spells              Type           Power      Damage    Failure   Level
a - Magic Dart            Conj           64%        1d6       3%          1
b - Searing Ray           Conj           32%        3d4       4%          2

Your spell library contained the following spells:

 Spells                   Type           Power      Damage    Failure   Level
 Dazzling Flash           Conj/Hex       18%        N/A       22%         3
 Fulminant Prism          Conj/Hex       4%         3d6       58%         4
 Iskenderun's Mystic Bla  Conj/Tloc      9%         2d4       58%         4


Dungeon Overview and Level Annotations

Branches:
Dungeon (3/15)

Altars:


Innate Abilities, Weirdness & Mutations

Your plain brown scales are hard. (AC +5)
You cannot fit into any form of body armour.
You are cold-blooded and may be slowed by cold attacks.


Message History

The gnoll is moderately wounded.
The gnoll hits you with a +0 spear! The goblin closely misses you. x2
You hit the gnoll but do no damage.
The gnoll is moderately wounded.
The gnoll hits you but does no damage. The goblin closely misses you.
The goblin hits you with a +0 club.
You closely miss the gnoll.
The gnoll is lightly wounded.
The gnoll hits you with a +0 spear. The goblin closely misses you.
The goblin hits you with a +0 club.
* * * LOW HITPOINT WARNING * * *
You hit the gnoll but do no damage.
The gnoll is lightly wounded.
The gnoll completely misses you. The goblin hits you but does no damage.
The goblin hits you with a +0 club.
* * * LOW HITPOINT WARNING * * *
You barely miss the gnoll.
The gnoll is lightly wounded.
The gnoll hits you with a +0 spear.
* * * LOW HITPOINT WARNING * * *
The goblin closely misses you. The goblin hits you but does no damage.
You hit the gnoll.
The gnoll is heavily wounded.
The gnoll hits you with a +0 spear.
* * * LOW HITPOINT WARNING * * *
The goblin hits you but does no damage.
You feel very buoyant.
You fly up into the air.
The goblin hits you with a +0 club.
* * * LOW HITPOINT WARNING * * *
The gnoll hits you but does no damage. The goblin hits you but does no damage.
Casting: Searing Ray (safe; 4% risk of failure)
Confirm with . or Enter, or press ? or * to list all spells.
Aiming: Searing Ray (safe; 4% risk of failure)
Press: ? - help, Shift-Dir - straight line, f - gnoll
Aim: a gnoll, wielding a +0 spear (heavily wounded, 19% to evade)
The searing ray hits the gnoll.
The gnoll is almost dead. (Press . to maintain the ray.)
The goblin hits you with a +0 club.
You die...

##### ######
####################.†.# #....#
....#.....)...)....#.).# #....#
..'........).)...#...#
#....#########).......).....##'##
......#).......g@########....).#
....)))........gg# #......#
......#).........########......#
#....#########..............##)##
#....# +..............#...#
#....# #..............#...#
##)'#########################...#
≈....≈≈≈≈≈≈≈≈≈≈≈≈≈≈≈≈≈≈≈≈≈≈≈#####
≈.)..≈≈≈≈≈≈≈≈≈≈≈≈≈≈≈≈≈≈≈≈≈≈≈≈≈≈≈≈


You could see a gnoll and 2 goblins.

Vanquished Creatures
  Robin (D:2)
  2 gnolls (D:3)
  2 adders (D:2)
  2 dart slugs (D:1)
  2 bats
  A giant cockroach (D:1)
  18 hobgoblins
  4 jackals (D:2)
  A quokka (D:3)
  2 frilled lizards
  25 goblins
  4 kobolds
  2 rats
66 creatures vanquished.

Notes
Turn   | Place    | Note
-------+----------+-------------------------------------------
     0 | D:1      | lonewolf22212 the Draconian Conjurer began the quest for
                  | the Orb.
     0 | D:1      | Reached XP level 1. HP: 14/14 MP: 3/3
   834 | D:1      | Reached XP level 2. HP: 1/20 MP: 5/5
  1328 | D:2      | Upgraded the game from 0.27-a0-79-gcaaa221d37 to
                  | 0.27-a0-965-gbf8bb431c4
  1337 | D:2      | Learned a level 2 spell: Searing Ray
  1532 | D:2      | Found a faded altar of an unknown god.
  1576 | D:2      | Reached XP level 3. HP: 26/26 MP: 3/6
  1661 | D:2      | Reached skill level 1 in Unarmed Combat
  1729 | D:2      | Noticed Robin
  1741 | D:2      | Killed Robin
  2024 | D:3      | Reached XP level 4. HP: 34/34 MP: 7/7
  2707 | D:3      | Reached skill level 1 in Fighting
  2809 | D:3      | HP: 1/35 [goblin/+0 club (2)]
  2810 | D:3      | Slain by a goblin

Illustrated notes

Levels and vault maps discovered:
D:1:      grunt_arrival_lava_bath, layout_basic
D:2:      layout_basic, chequers_ecumenical_altar_island, uniq_jessica,
          uniq_robin
D:3:      minmay_goblin_kobold_castle, layout_basic, gammafunk_ghost_split,
          uniq_ijyb

Skill      XL: |  1  2  3  4 |
---------------+-------------+-----
Stealth        | 2 |  2.3
Dodging        | 2 3 |  3.1
Unarmed Combat | 1 2 |  2.3
Fighting       | 1 |  1.1
Spellcasting   | |  2.2
Conjurations   | |  4.1

Action                   |  1- 3 |  4- 6 || total
-------------------------+-------+-------++-------
Melee: Unarmed           |   259 |   109 ||   368
       Tailslap          |    20 |    11 ||    31
       Punch             |     2 |       ||     2
 Cast: Searing Ray       |    17 |     9 ||    26
  Use: Potion            |       |     6 ||     6
       Scroll            |       |     1 ||     1
Armor: Skin              |   123 |    38 ||   161
Dodge: Dodged            |   265 |   116 ||   381

Table legend: (Time is in decaauts)
 A = Elapsed time spent in this place.
 B = Non-inter-level travel time spent in this place.
 C = Inter-level travel time spent in this place.
 D = Time resting spent in this place.
 E = Time spent auto-exploring this place.
 F = Levels seen in this place.
 G = Mean time per level.
                   A        B        C        D        E       F      G
               +--------+--------+--------+--------+--------+-----+--------+
         Total |   2809 |   2809 |      0 |    890 |    891 |   3 |  936.3 |
       Dungeon |   2809 |   2809 |      0 |    890 |    891 |   3 |  936.3 |
               +--------+--------+--------+--------+--------+-----+--------+

Top non-repeatable levels by time:
     D:1: 1166 daAuts
     D:3: 826 daAuts
     D:2: 817 daAuts
